cohdb
Replays
Latest Replays
All Replays
Popular Replays
Top Player Replays
Match Explorer
How It Works
Community
CoH3 Stats
Reddit
Sign in to upload your games and track your stats! →
Sign in with Steam
Match 40325512
Unlisted
Match 40325512
Overview
Messages
Build Orders
End
Construct Section Command Post
Selects Canadian Shock Battlegroup
Infantry Section
Dingo Light Scout Car
Infantry Section
Infantry Section
Grenade Package
Construct Platoon Command Post
Vickers Machine Gun Team
Construct Field Infirmary
Selects Attacking Spirit
Selects Canadian Shock Section
Humber Armored Car
Canadian Shock Section
Infantry Section
Selects Point Assault
Construct Company Command Post
ML 3-inch Mortar Team
Selects Burnout
Crusader II Medium Tank
Unlock M3 Grant Medium Tanks
Infantry Training
Selects Pyrotechnics
M3 Grant Medium Tank
M3 Grant Medium Tank
Agua de Jamaica
Knight Rider
Flat Arthur
Gengeol
For The Children™
BorzoiWitcher
Lemme smash
Calm
0
0
Comments
sign in to comment!
No comments posted yet!